 Dungeon Crawl Stone Soup version 0.29.0-15-g675c0067aa (webtiles) character file.

Game seed: 10215729428444058909

377 Persephone the Slasher (level 6, -1/50 HPs)
             Began as a Demigod Fighter on Sept 11, 2022.
             Slain by Menkaure (9 damage)
             ... on level 4 of the Dungeon.
             The game lasted 00:07:02 (3678 turns).

Persephone the Slasher (Demigod Fighter)            Turns: 3678, Time: 00:07:03

Health: -1/50      AC:  3    Str: 17    XL:     6   Next: 20%
Magic:  8/8        EV: 10    Int: 10    God:
Gold:   157        SH:  5    Dex: 21    Spells: 5/5 levels left

rFire   + . .      SeeInvis .   a - +1 long sword
rCold   . . .      Faith    .   c - +0 buckler
rNeg    . . .      Spirit   .   j - +0 leather armour
rPois   .          Reflect  .   (no helmet)
rElec   .          Harm     .   (no cloak)
rCorr   +          Rampage  .   (no gloves)
Will    .....                   (no boots)
Stlth   ++........              (no amulet)
HPRegen 0.16/turn               b - ring of resist corrosion
MPRegen 0.11/turn               d - ring of protection from fire

@: hasted, very quick
A: high MP 1, forlorn, divine attributes
a: no special abilities


You were on level 4 of the Dungeon.
You visited 1 branch of the dungeon, and saw 4 of its levels.

You collected 157 gold pieces.

Inventory:

Hand Weapons
 a - a +1 long sword (weapon)
Missiles
 f - 3 boomerangs (quivered)
Armour
 c - a +0 buckler (worn)
 j - a +0 leather armour (worn)
Jewellery
 b - a ring of resist corrosion (left hand)
 d - a ring of protection from fire (right hand)
Scrolls
 e - a scroll of teleportation
 i - a scroll of silence {unknown}
 k - a scroll of magic mapping {unknown}
 m - 2 scrolls of enchant weapon
Potions
 h - 2 potions of mutation
 l - a potion of magic
 o - a potion of haste
 p - a potion of attraction {unknown}


   Skills:
 - Level 2.9 Fighting
 + Level 6.0 Long Blades
 - Level 2.9 Armour
 - Level 2.9 Shields


You had 5 spell levels left.
You didn't know any spells.
Your spell library was empty.

Dungeon Overview and Level Annotations

Branches:
Dungeon (4/15)
 Temple: D:4-7

Shops:
D:4 ?

Annotations:
D:4 Menkaure


Innate Abilities, Weirdness & Mutations

You have an increased reservoir of magic. (+10% MP)
You shall have no god before yourself.
Your divine heritage dramatically boosts your attributes as you level up.


Message History

You now have 156 gold pieces (gained 1).
You now have 157 gold pieces (gained 1).
Found a stone staircase leading up.
Found a stone staircase leading down.
An adder comes into view.
Found a club.
An endoplasm comes into view.
The helpless adder fails to defend itself.
You slash the adder!
The adder is severely wounded.
The adder barely misses you. You block the adder's attack.
The endoplasm quivers.
You slash the adder!
You kill the adder!
Your Long Blades skill increases to level 6!
Menkaure, Prince of Dust comes into view.
You slash the endoplasm!
You kill the endoplasm!
Menkaure shouts!
Found 4 stones.
You barely miss Menkaure.
Menkaure mumbles some strange words.
Menkaure seems to speed up.
You hit Menkaure.
Menkaure is lightly damaged.
Menkaure calls on the powers of darkness!
Your body is wracked with pain!
You are too injured to fight recklessly!
You are too injured to fight recklessly!
You closely miss Menkaure.
Menkaure is lightly damaged.
You block Menkaure's attack. Menkaure closely misses you.
You feel better. Menkaure hits you!!
* * * LOW HITPOINT WARNING * * *
Okay, then.
You feel yourself speed up. Menkaure closely misses you.
You slash Menkaure!
Menkaure is heavily damaged.
Menkaure hits you!
You die...

...........##
.............# .
............(.#..
..................
...................
#....)..............
#............M......
#...........@.....#
#................#
#...............#
#..............#
##.............# ###
#...............
##.####..............
##...##...#........###
##.....#..####......#


You could see Menkaure (fast).

Vanquished Creatures
  Sigmund (D:2)
  A centaur (D:3)
  An iguana (D:4)
  Terence (D:2)
  An adder (D:4)
  2 worms
  2 dart slugs
  5 orcs (D:3)
  3 ball pythons
  2 bats (D:1)
  6 endoplasms
  3 giant cockroaches
  4 goblins
  5 hobgoblins
  3 jackals (D:1)
  7 kobolds
  2 quokkas
  4 frilled lizards
  3 rats
56 creatures vanquished.

Notes
Turn   | Place    | Note
-------+----------+-------------------------------------------
     0 | D:1      | Persephone the Demigod Fighter began the quest for the Orb.
     0 | D:1      | Reached XP level 1. HP: 18/18 MP: 3/3
   228 | D:1      | Reached skill level 2 in Long Blades
   234 | D:1      | Reached XP level 2. HP: 18/25 MP: 4/4
  1219 | D:2      | Reached XP level 3. HP: 30/30 MP: 5/5
  1276 | D:2      | Noticed Terence
  1288 | D:2      | Killed Terence
  1289 | D:2      | Reached skill level 3 in Long Blades
  1632 | D:2      | Noticed Sigmund
  1656 | D:2      | Killed Sigmund
  1657 | D:2      | Reached skill level 5 in Long Blades
  1657 | D:2      | Reached XP level 4. HP: 4/37 MP: 6/6
  1657 | D:2      | Reached XP level 5. HP: 5/44 MP: 7/7
  2231 | D:3      | Noticed a centaur
  2244 | D:3      | Killed a centaur
  2245 | D:3      | Reached XP level 6. HP: 25/50 MP: 8/8
  3255 | D:4      | Found Jufuseth's Magic Scroll Shoppe.
  3667 | D:4      | Reached skill level 6 in Long Blades
  3668 | D:4      | Noticed Menkaure
  3678 | D:4      | Slain by Menkaure

Illustrated notes

Levels and vault maps discovered:
D:1:      minmay_arrival_wavy_path, layout_loops_ring
D:2:      layout_basic, uniq_sigmund, uniq_terence
D:3:      layout_basic, old_standard_altar, minmay_overflow_temple_star_hex,
          ebering_ecumenical_altar_rust
D:4:      layout_cave_pods, grunt_gozag_breadcrumbs, serial_shops,
          nicolae_take_the_stairs, uniq_menkaure

Skill      XL: |  1  2  3  4  5  6 |
---------------+-------------------+-----
Long Blades    | 2 5 6 |  6.0
Fighting       | |  2.9
Armour         | |  2.9
Shields        | |  2.9

Action                   |  1- 3 |  4- 6 || total
-------------------------+-------+-------++-------
Melee: Long sword        |   100 |    54 ||   154
Throw: Boomerang         |    10 |     4 ||    14
  Use: Potion            |     2 |     2 ||     4
       Scroll            |       |     7 ||     7
 Stab: Sleeping          |       |     2 ||     2
Armor: Scale mail        |    30 |       ||    30
       Leather armour    |     7 |     9 ||    16
Dodge: Dodged            |    45 |    24 ||    69
Block: Buckler           |    19 |    12 ||    31
